 Dungeon Crawl Stone Soup version 0.21.1-1-g345015f (webtiles) character file.

1148 Fang the Shield-Bearer (level 8, -3/48 HPs)
             Began as a Gargoyle Fighter on May 8, 2018.
             Slain by a wight
             ... wielding a +1 flail
              (4 damage)
             ... on level 5 of the Dungeon.
             The game lasted 00:09:07 (4469 turns).

Fang the Shield-Bearer (Gargoyle Fighter)           Turns: 4469, Time: 00:09:08

Health: -3/48      AC: 13    Str: 24    XL:     8   Next: 38%
Magic:  8/8        EV:  8    Int: 15    God:
Gold:   315        SH: 10    Dex:  9    Spells: 7/7 levels left

rFire    + . .     SeeInvis .   i - +2 flail (venom)
rCold    . . .     Gourm    .   c - +0 shield
rNeg     + . .     Faith    .   b - +0 scale mail
rPois    ∞         Spirit   .   (no helmet)
rElec    +         Reflect  .   (no cloak)
rCorr    .         Harm     .   (no gloves)
MR       .....                  (no boots)
Stlth    ..........             (no amulet)
HPRegen  0.16/turn              h - ring of protection from fire
MPRegen  0.11/turn              w - +5 ring of intelligence

@: mighty, about to teleport
A: mutation resistance 1, negative energy resistance 1, electricity resistance,
weak 1, wild magic 1, unbreathing, petrification resistance, rot immunity, AC +5
a: no special abilities


You were on level 5 of the Dungeon.
You were not hungry.

You visited 1 branch of the dungeon, and saw 6 of its levels.

You collected 315 gold pieces.

Inventory:

Hand Weapons
 a - a +0 war axe
 i - a +2 flail of venom (weapon)
Armour
 b - a +0 scale mail (worn)
 c - a +0 shield (worn)
Jewellery
 h - a ring of protection from fire (left hand)
 n - an uncursed ring of magical power
 w - a +5 ring of intelligence (right hand)
Scrolls
 e - 2 scrolls of teleportation
 l - a scroll of fear
 m - 2 scrolls of remove curse
 t - 2 scrolls of magic mapping
Potions
 g - 2 potions of agility
Books
 k - a book of the Tempests

   Spells                             Type                      Level
   a - Static Discharge               Conjuration/Air              3
   b - Lightning Bolt                 Conjuration/Air              5
   c - Ignition                       Fire                         8
   d - Tornado                        Air                          9
   e - Shatter                        Earth                        9
 q - a book of Cantrips

   Spells                             Type                      Level
   a - Confusing Touch                Hexes                        1
   b - Animate Skeleton               Necromancy                   1
   c - Summon Small Mammal            Summoning                    1
   d - Apportation                    Translocation                1
Comestibles
 f - 11 rations


   Skills:
 + Level 4.8 Fighting
 + Level 4.8(5.4) Axes
 + Level 3.9(5.2) Maces & Flails
 + Level 5.4 Armour
 + Level 1.9 Dodging
 + Level 0.2 Stealth
 + Level 5.5 Shields


You had 7 spell levels left.
You didn't know any spells.

Dungeon Overview and Level Annotations

Branches:
Dungeon (6/15)
 Temple: D:4-7

Altars:
Elyvilon
Sif Muna


Innate Abilities, Weirdness & Mutations

You are resistant to torment.
Your stone body is resilient. (AC +5)
You are immune to poison.
You resist negative energy. (rN+)
You are resistant to electric shocks. (rElec)
You can survive without breathing.
You are immune to petrification.
You are immune to rotting.
You are somewhat resistant to further mutation.
You are weak. (Str -2)
Your spells are a little harder to cast, but a little more powerful.


Message History

There are monsters nearby!
There are monsters nearby!
There are monsters nearby!
There are monsters nearby!
There are monsters nearby!
There are monsters nearby!
There are monsters nearby!
There are monsters nearby!
There are monsters nearby!
There are monsters nearby!
There are monsters nearby!
There are monsters nearby!
There are monsters nearby!
There are monsters nearby!
There are monsters nearby!
There are monsters nearby!
There are monsters nearby!
There are monsters nearby!
The wight hits you with an enchanted flail.
You die...

#.# #.#
#####.########<#
#...........##.#
#.#########.##.#
#...........##.#
##########.....#
#.#####
########...########
####>@................
#..zz##....(..##.#####
#....##.(.######.#....
#.....'...'...)..'....
#....##...########....
#....##...# #....
#....##...# #....
#....##...# #....
#######...# #####


You could see 2 wights.

Vanquished Creatures
  The ghost of reptisaurus the Shooter, an amateur CeAM (D:4)
  Edmund (D:4)
  The ghost of Fang the Covered, an amateur GrFi (D:3)
  4 scorpions (D:5)
  A howler monkey (D:4)
  A wight (D:5)
  2 hounds
  A gnoll shaman (D:5)
  An orc priest (D:4)
  2 orc wizards
  2 worker ants
  A hound zombie (D:5)
  9 gnolls
  9 adders
  2 shadow imps (D:5)
  An ooze (D:3)
  An adder skeleton (D:4)
  A worm (D:2)
  2 dart slugs
  4 leopard geckos
  15 orcs
  2 giant cockroaches
  9 goblins
  11 hobgoblins
  12 jackals
  A quokka (D:2)
  3 ball pythons
  7 bats
  4 frilled lizards
  8 kobolds
  7 rats
126 creatures vanquished.

Notes
Turn   | Place    | Note
-------+----------+-------------------------------------------
     0 | D:1      | Fang the Gargoyle Fighter began the quest for the Orb.
     0 | D:1      | Reached XP level 1. HP: 14/14 MP: 1/1
    91 | D:1      | Reached XP level 2. HP: 18/19 MP: 2/2
   380 | D:1      | Reached XP level 3. HP: 23/23 MP: 3/3
   895 | D:2      | Reached XP level 4. HP: 25/29 MP: 4/4
   954 | D:2      | Reached XP level 5. HP: 5/33 MP: 5/5
  1996 | D:3      | Noticed Fang's ghost (amateur GrFi)
  2018 | D:3      | Killed Fang's ghost
  2018 | D:3      | Reached XP level 6. HP: 31/38 MP: 6/6
  2350 | D:4      | Found a white marble altar of Elyvilon.
  2414 | D:4      | Noticed Edmund
  2434 | D:4      | Gained mutation: You are weak. (Str -2) [potion of mutation]
  2434 | D:4      | Gained mutation: Your spells are a little harder to cast, but a little more powerful. [potion of mutation]
  2434 | D:4      | Gained mutation: You are somewhat resistant to further mutation. [potion of mutation]
  2448 | D:4      | Killed Edmund
  2448 | D:4      | Reached skill level 1 in Dodging
  2448 | D:4      | Reached XP level 7. HP: 42/43 MP: 7/7
  2473 | D:4      | Found a deep blue altar of Sif Muna.
  2761 | D:4      | Noticed reptisaurus's ghost (amateur CeAM)
  2788 | D:4      | Reached skill level 1 in Maces & Flails
  3260 | D:4      | Killed reptisaurus's ghost
  3260 | D:4      | Reached skill level 5 in Shields
  3375 | D:5      | Entered Level 5 of the Dungeon
  3424 | D:5      | Reached skill level 5 in Armour
  3594 | D:5      | Reached XP level 8. HP: 18/48 MP: 8/8
  3937 | D:5      | Found a deep blue altar of Sif Muna.
  4465 | D:5      | HP: 1/48 [wight/flail of freezing (2)]
  4469 | D:5      | Slain by a wight

Skill      XL: |  1  2  3  4  5  6  7  8 |
---------------+-------------------------+-----
Axes           | 2 3 4 |  4.8
Armour         | 4 5 |  5.4
Fighting       | 4 |  4.8
Shields        | 4 5 |  5.5
Dodging        | 1 |  1.9
Maces & Flails | 2 3 |  3.9
Stealth        | |  0.2

Action                   |  1- 3 |  4- 6 |  7- 9 || total
-------------------------+-------+-------+-------++-------
Melee: War axe           |   107 |   199 |       ||   306
       Flail             |       |       |   185 ||   185
  Use: Scroll            |       |     6 |     4 ||    10
       Potion            |       |     2 |     6 ||     8
  Eat: Chunk             |       |     6 |     5 ||    11
       Ration            |       |       |     1 ||     1
Armor: Scale mail        |    78 |   138 |   132 ||   348
Dodge: Dodged            |    46 |    76 |    95 ||   217
Block: Shield            |    67 |   125 |   161 ||   353
